cohdb
Replays
Latest Replays
All Replays
Popular Replays
Top Player Replays
Match Explorer
How It Works
Community
CoH3 Stats
Reddit
Sign in to upload your games and track your stats! →
Sign in with Steam
Match 44782573
Unlisted
Match 44782573
Overview
Messages
Build Orders
End
Vickers Machine Gun Team
Construct Section Command Post
Infantry Section
Infantry Section
Construct Field Infirmary
Infantry Section
Construct Platoon Command Post
Unlock M3 Stuart Light Tanks
M3 Stuart Light Tank
Dingo Light Scout Car
Selects Heavy Armor Battlegroup
Selects Rigorous Vehicle Training
Selects Forward Repair Assembly
M3 Stuart Light Tank
M3 Stuart Light Tank
Vickers Machine Gun Team
M3 Stuart Light Tank
M3 Stuart Light Tank
M3 Stuart Light Tank
Royal Engineer Section
Selects Churchill Black Prince Heavy Tank
Churchill Black Prince Heavy Tank
Selects Light Vehicle Withdraw and Refit
Armored Vehicle Training
Royal Engineer Section
Selects UNKNOWN (202330)
Selects Radio Net
Washo
Chief Queef
Zeuge
Brother
0
0
Comments
sign in to comment!
No comments posted yet!